 Dungeon Crawl Stone Soup version 0.26.1-10-gdfb7c7de75 (webtiles) character file.

Game seed: 12344447169213197733

4700 Cykl0x the Carver (level 10, 0/83 HPs)
             Began as a Minotaur Fighter on Apr 10, 2021.
             Was a Believer of the Shining One.
             Slain by a nine-headed hydra (5 damage)
             ... on level 9 of the Dungeon.
             The game lasted 00:12:53 (9356 turns).

Cykl0x the Carver (Minotaur Fighter)                Turns: 9356, Time: 00:12:53

Health: 0/83       AC: 15    Str: 24    XL:     10   Next: 21%
Magic:  0/11       EV:  9    Int:  5    God:    the Shining One [**....]
Gold:   355        SH: 19    Dex: 10    Spells: 9/9 levels left

rFire    + . .     SeeInvis +   I - +3 short sword
rCold    . . .     Faith    .   c - +1 kite shield
rNeg     + . .     Spirit   +   e - +1 chain mail of Repulsion {rF+ SInv}
rPois    +         Reflect  .   (helmet restricted)
rElec    .         Harm     .   p - +1 cloak
rCorr    .         Rampage  .   (no gloves)
Will     .....                  B - +0 pair of boots
Stlth    ..........             f - amulet of guardian spirit
HPRegen  0.23/turn              m - +4 ring of slaying
MPRegen  0.12/turn              w - ring of poison resistance

@: divine shield, glowing
A: retaliatory headbutt, horns 2
a: Renounce Religion, Divine Shield


You were on level 9 of the Dungeon.
You worshipped the Shining One.
The Shining One was pleased with you.
You visited 2 branches of the dungeon, and saw 10 of its levels.

You collected 619 gold pieces.
You spent 264 gold pieces at shops.

Inventory:

Hand Weapons
 a - a +1 long sword
 I - a +3 short sword (weapon)
Missiles
 h - 185 stones
 t - 2 silver javelins
 v - 14 poisoned darts
 y - 4 boomerangs (quivered)
Armour
 b - a +0 scale mail
 c - a +1 kite shield (worn)
 e - the +1 chain mail of Repulsion (worn) {rF+ SInv}
   (You found it on level 4 of the Dungeon)

   It protects you from fire.
   It lets you see invisible.
 k - a +2 scale mail of cold resistance
 p - a +1 cloak (worn)
 B - a +0 pair of boots (worn)
Jewellery
 f - an amulet of guardian spirit (around neck)
 i - an uncursed ring of protection from fire
 m - a +4 ring of slaying (left hand)
 w - a ring of poison resistance (right hand)
 z - an uncursed ring of magical power
 F - an uncursed ring of magical power
Wands
 o - a wand of acid (15)
 H - a wand of iceblast (2)
Scrolls
 l - 4 scrolls of teleportation
 q - 2 scrolls of blinking
 A - 4 scrolls of remove curse
 C - 2 scrolls of enchant weapon
 D - a scroll of magic mapping
 E - 2 scrolls of fog
 J - 2 scrolls of enchant armour
Potions
 d - a potion of might
 g - a potion of lignification
 j - 3 potions of curing
 n - a potion of cancellation
 r - a potion of flight
 s - 4 potions of brilliance
 x - a potion of ambrosia {unknown}


   Skills:
 + Level 6.2 Fighting
 + Level 9.6 Long Blades
 + Level 5.0 Throwing
 + Level 7.9 Armour
 * Level 7.0 Dodging
 + Level 7.6 Shields
 * Level 3.1 Invocations


You had 9 spell levels left.
You didn't know any spells.
Your spell library contained the following spells:

 Spells                   Type           Power        Failure   Level
 Magic Dart               Conj           0%           100%        1
 Searing Ray              Conj           0%           100%        2
 Dazzling Flash           Conj/Hex       0%           100%        3
 Fulminant Prism          Conj/Hex       0%           100%        4
 Iskenderun's Mystic Bla  Conj/Tloc      0%           100%        4


Dungeon Overview and Level Annotations

Branches:
Dungeon (9/15)             Temple (1/1) D:7            Lair (0/6) D:9
    Orc: D:9-12

Altars:
Ashenzari
Cheibriados
Dithmenos
Elyvilon
Fedhas
Gozag
Hepliaklqana
Kikubaaqudgha
Makhleb
Nemelex Xobeh
Okawaru
Qazlal
Ru
Sif Muna
Trog
Uskayaw
Vehumet
Wu Jian
Xom
Yredelemnul
Zin
The Shining One

Shops:
D:4 *

Annotations:
D:9 FishyPogo's ghost, journeyman GnTm


Innate Abilities, Weirdness & Mutations

You reflexively headbutt those who attack you in melee.
You have a pair of horns on your head.


Message History

You feel better. The nine-headed hydra bites you.
* * * LOW HITPOINT WARNING * * *
The nine-headed hydra barely misses you.
You block the nine-headed hydra's attack. x2
The nine-headed hydra barely misses you.
The nine-headed hydra bites you but does no damage.
The nine-headed hydra bites you!
* * * LOW HITPOINT WARNING * * *
You block the nine-headed hydra's attack.
The nine-headed hydra bites you.
* * * LOW HITPOINT WARNING * * *
You feel better.
FishyPogo's ghost says, "You must not succeed where I failed!"
You block the nine-headed hydra's attack. x2
The nine-headed hydra bites you but does no damage.
The nine-headed hydra bites you!
* * * LOW HITPOINT WARNING * * *
The nine-headed hydra completely misses you.
The nine-headed hydra bites you.
You die...

#
#.########♣...?###.#####...##
# #.......#≈......##.# #.....
# #.#######...).[♣#..# #..###
# #.# ♣.....≈##.# #..# # #.#
##.....###.#####..# # #.#
###'''####........#
#####.####
#...W...#########.#
≈≈≈......# ####D#### #.#
≈≈≈......# #@# ####.#
≈≈≈......####
##.#########....#
≈≈≈≈≈≈......#
#............#..###
≈≈≈≈≈≈≈...#.#
#.######.###..<....
≈.≈≈≈≈....#.# #.# #.#
####.### .≈≈≈≈....##.# #.#
#.# #.# ..≈≈≈≈...##.# #.# #.#
#.# .≈≈≈.≈≈≈.##.# #.# #.# #.#
..≈≈≈....##.# #.# ##.## #.#


You could see a nine-headed hydra and FishyPogo's ghost.

Vanquished Creatures
  A troll (D:9)
  Grinder (D:6)
  The ghost of Martska the Chucker, an amateur OgHu of the Shining One (D:4)
  Sigmund (D:2)
  Edmund (D:6)
  The ghost of DearestLeader the Sneak, an amateur SpEn (D:4)
  2 sky beasts
  3 ice beasts (D:8)
  A necrophage (D:9)
  2 centaurs
  5 ogres
  2 wolves (D:9)
  A phantom (D:5)
  A big kobold (D:7)
  2 bullfrogs
  Blork the orc (D:6)
  A wyvern skeleton (D:9)
  6 killer bees (D:9)
  5 wights (D:8)
  3 electric eels (D:9)
  4 howler monkeys
  2 centaur zombies
  6 hounds
  Crazy Yiuf (D:2)
  A bullfrog zombie (D:7)
  5 orc priests
  4 jellies
  3 orc wizards
  3 iguanas
  8 worker ants
  A killer bee zombie (D:6)
  A hound zombie (D:6)
  2 hound skeletons
  9 gnolls
  7 adders
  2 shadow imps (D:9)
  3 white imps
  2 ufetubi
  An ooze (D:7)
  An adder skeleton (D:6)
  2 dart slugs
  5 leopard geckos
  16 orcs
  2 ball pythons
  3 giant cockroaches
  14 hobgoblins
  13 jackals
  2 quokkas
  8 bats
  5 frilled lizards
  13 goblins
  2 jackal zombies
  7 kobolds
  A leopard gecko skeleton (D:5)
  10 rats
210 creatures vanquished.

Vanquished Creatures (others)
  4 plants (D:9)
4 creatures vanquished.

Grand Total: 214 creatures vanquished

Notes
Turn   | Place    | Note
-------+----------+-------------------------------------------
     0 | D:1      | Cykl0x the Minotaur Fighter began the quest for the Orb.
     0 | D:1      | Reached XP level 1. HP: 19/19 MP: 0/0
   497 | D:1      | Reached XP level 2. HP: 27/27 MP: 1/1
  1097 | D:2      | Reached skill level 3 in Long Blades
  1099 | D:2      | Reached XP level 3. HP: 25/33 MP: 2/2
  1236 | D:2      | Reached skill level 1 in Dodging
  1433 | D:2      | Noticed Sigmund
  1445 | D:2      | Killed Sigmund
  1446 | D:2      | Reached skill level 4 in Long Blades
  1446 | D:2      | Reached skill level 1 in Throwing
  1446 | D:2      | Reached XP level 4. HP: 24/40 MP: 0/3
  1446 | D:2      | Reached XP level 5. HP: 27/46 MP: 0/4
  1940 | D:2      | Found a runed translucent door.
  1941 | D:2      | Noticed Crazy Yiuf
  1989 | D:2      | Killed Crazy Yiuf
  1990 | D:2      | Reached XP level 6. HP: 42/53 MP: 2/5
  2469 | D:3      | Found a hide-covered altar of Uskayaw.
  2500 | D:3      | Noticed a +0 dagger
  2501 | D:3      | Noticed a +0 dagger
  2605 | D:3      | Found a blossoming altar of Fedhas.
  3281 | D:4      | Reached skill level 5 in Long Blades
  3386 | D:4      | Reached skill level 5 in Armour
  3406 | D:4      | Got a steaming chain mail
  3416 | D:4      | Identified the +1 chain mail of Repulsion {rF+ SInv} (You
                  | found it on level 4 of the Dungeon)
  3552 | D:4      | Found Huyptim's Assorted Antiques.
  3557 | D:4      | Bought a scroll labelled XOERRIGU BADGH for 27 gold pieces
  3557 | D:4      | Bought a white potion for 24 gold pieces
  3557 | D:4      | Bought a fizzy brown potion for 24 gold pieces
  3557 | D:4      | Bought a scroll labelled AZACOPSIXU for 27 gold pieces
  3557 | D:4      | Bought a notched peridot ring for 135 gold pieces
  3557 | D:4      | Bought a scroll labelled RAJA JI IXUDERYCS for 27 gold
                  | pieces
  3610 | D:4      | Reached XP level 7. HP: 60/60 MP: 6/6
  3751 | D:4      | Found a runed translucent gate.
  3754 | D:4      | Found a runed translucent gate.
  3755 | D:4      | Found a runed translucent gate.
  3755 | D:4      | Noticed Martska's ghost (amateur OgHu)
  3755 | D:4      | Noticed DearestLeader's ghost (amateur SpEn)
  3781 | D:4      | Killed DearestLeader's ghost
  3782 | D:4      | Reached skill level 5 in Shields
  3793 | D:4      | Killed Martska's ghost
  3794 | D:4      | Reached skill level 6 in Long Blades
  4174 | D:5      | Entered Level 5 of the Dungeon
  4421 | D:5      | Reached XP level 8. HP: 67/67 MP: 7/7
  4497 | D:5      | Found a shimmering altar of Xom.
  4905 | D:5      | Found a shimmering blue altar of Sif Muna.
  4930 | D:5      | Reached skill level 5 in Fighting
  4930 | D:5      | Reached skill level 7 in Long Blades
  5211 | D:6      | Noticed Blork the orc
  5219 | D:6      | Killed Blork the orc
  5260 | D:6      | Noticed Edmund
  5270 | D:6      | Killed Edmund
  5295 | D:6      | Reached skill level 5 in Dodging
  5364 | D:6      | Noticed Grinder
  5391 | D:6      | Killed Grinder
  5780 | D:6      | Found a sacrificial altar of Ru.
  5788 | D:6      | Found a basalt altar of Yredelemnul.
  5847 | D:6      | Reached skill level 8 in Long Blades
  5847 | D:6      | Reached XP level 9. HP: 74/74 MP: 8/8
  5872 | D:6      | Found a bloodstained altar of Trog.
  6234 | D:7      | Found a blossoming altar of Fedhas.
  6286 | D:7      | Found a staircase to the Ecumenical Temple.
  6304 | Temple   | Entered the Ecumenical Temple
  6515 | Temple   | Became a worshipper of the Shining One
  6641 | D:7      | Found an ornate altar of the Wu Jian Council.
  6819 | D:7      | Reached skill level 1 in Invocations
  7485 | D:8      | Reached skill level 9 in Long Blades
  7628 | D:8      | Reached * piety under the Shining One
  8008 | D:9      | Reached skill level 5 in Throwing
  8380 | D:9      | Reached XP level 10. HP: 81/83 MP: 11/11
  8848 | D:9      | Found a staircase to the Lair.
  8939 | D:9      | Found a runed translucent gate.
  8939 | D:9      | Found a runed translucent gate.
  8941 | D:9      | Found a runed translucent gate.
  8942 | D:9      | Noticed FishyPogo's ghost (journeyman GnTm)
  8942 | D:9      | Reached ** piety under the Shining One
  8943 | D:9      | Noticed a nine-headed hydra
  9135 | D:9      | Found a glowing silver altar of Zin.
  9135 | D:9      | Found an ancient bone altar of Kikubaaqudgha.
  9356 | D:9      | Slain by a nine-headed hydra

Illustrated notes

Levels and vault maps discovered:
D:1:      dpeg_arrival_short_road, layout_loops_corners, minmay_statues_item
D:2:      cheibrodos_greedy_goblins, layout_rooms, uniq_crazy_yiuf_cottage,
          uniq_sigmund
D:3:      layout_loops_corners, dancing_weapons_uskayaw, fedhas_altar_4
D:4:      layout_gridville, serial_shops, kennysheep_little_box,
          gammafunk_ghost_cemetery
D:5:      layout_basic, lemuel_doored_altar, xom_teletrap_fun
D:6:      layout_cave_pools, amethyst_overflow_temple_binary,
          minmay_misc_feat_four_crosses, trog_book, uniq_blork_the_orc,
          uniq_edmund, uniq_grinder
D:7:      layout_cave_pools, marbit_many_paths, kennysheep_mini,
          minmay_temple_entry_slanted
D:8:      layout_cave_pods, serial_column_ruins, column_ruins_grid_1,
          column_ruins_columns_corner, column_ruins_columns_dead_end,
          column_ruins_grid_2, column_ruins_columns_straight,
          column_ruins_corridor_dead_end, st_stairs_10
D:9:      layout_loops_ring, gammafunk_temple_overflow_elements,
          erik_lair_island, gammafunk_ghost_hydra_chop
Temple:   nicolae_temple_figure_eight

Skill      XL: |  1  2  3  4  5  6  7  8  9 10 |
---------------+-------------------------------+-----
Armour         | 4 5 6 7 |  7.9
Long Blades    | 3 4 5 6 8 9 |  9.6
Dodging        | 2 3 4 5 6 7 |  7.0
Fighting       | 4 5 6 |  6.2
Throwing       | 1 2 4 5 |  5.0
Shields        | 4 5 6 7 |  7.6
Invocations    | 2 3 |  3.1

Action                   |  1- 3 |  4- 6 |  7- 9 | 10-12 || total
-------------------------+-------+-------+-------+-------++-------
Melee: Long sword        |    78 |   105 |   327 |    62 ||   572
       Headbutt          |     5 |    22 |    65 |    11 ||   103
       Short sword       |       |       |       |     5 ||     5
Throw: Stone             |    31 |    35 |     9 |       ||    75
       Javelin           |       |    15 |     4 |       ||    19
       Boomerang         |       |       |    69 |    19 ||    88
Invok: Divine Shield     |       |       |       |     1 ||     1
Evoke: Wand              |       |       |       |     4 ||     4
  Use: Scroll            |     5 |     5 |     8 |     4 ||    22
       Potion            |       |     1 |     4 |     3 ||     8
Armor: Scale mail        |    34 |    42 |       |       ||    76
       Chain mail        |       |       |   132 |    28 ||   160
       Skin              |       |       |     9 |       ||     9
Dodge: Dodged            |    13 |    33 |    86 |    30 ||   162
Block: Kite shield       |    45 |    65 |   182 |    61 ||   353
       Rpst.: Long sword |     3 |    14 |    27 |     7 ||    51
